 Dungeon Crawl Stone Soup version 0.31-a0-988-g08d55dae12 (webtiles) character file.

Game seed: 3202497962237768887

229 BinkBink the Skirmisher (level 5, -8/29 HPs)
             Began as a Deep Elf Hunter on Nov 5, 2023.
             Was a Priest of Jiyva.
             Mangled by an ice beast (9 damage)
             ... on level 5 of the Dungeon.
             The game lasted 00:05:14 (3493 turns).

BinkBink the Skirmisher (Deep Elf Hunter)           Turns: 3493, Time: 00:05:15

Health: -8/29      AC:  0    Str:  8    XL:     5   Next: 71%
Magic:  7/7        EV: 13    Int: 14    God:    Jiyva [***...]
Gold:   76         SH:  0    Dex: 20    Spells: 4/4 levels left

rFire   . . .        a - +0 shortbow
rCold   . . .        (shield currently unavailable)
rNeg    . . .        (no body armour)
rPois   .            (no helmet)
rElec   .            h - scarf {+Inv}
rCorr   +            (no gloves)
SInv    .            (no boots)
Will    .....        (no amulet)
Stlth   ++           (no ring)
HPRegen 1.36/turn    (no ring)
MPRegen 0.45/turn

%: no passive effects
@: no status effects
A: no striking features
a: Renounce Religion, Evoke Invisibility, Oozemancy


You were on level 5 of the Dungeon.
You worshipped Jiyva.
Jiyva was most pleased with you.
You visited 1 branch of the dungeon, and saw 5 of its levels.

You collected 126 gold pieces.
You spent 50 gold pieces at shops.

Inventory:

Hand Weapons
 a - a +0 shortbow (weapon)
Armour
 h - a scarf of invisibility (worn)
Jewellery
 k - a +6 ring of intelligence
Scrolls
 d - a scroll of teleportation
 l - a scroll of immolation {unknown}
Potions
 c - a potion of brilliance {unknown}
 e - 3 potions of mutation {unknown}
 f - 2 potions of curing
 g - 3 potions of ambrosia
 i - a potion of degeneration {unknown}
 j - a potion of heal wounds


   Skills:
 - Level 1.5 Fighting
 * Level 8.5 Ranged Weapons
 - Level 2.4 Dodging
 - Level 1.2 Stealth
 + Level 2.8 Evocations


You had 4 spell levels left.
You didn't know any spells.
Your spell library contained the following spells:

 Spells                   Type           Power      Damage    Failure   Level
 Ozocubu's Armour         Ice            0%         N/A       65%         3
 Ozocubu's Refrigeration  Ice            0%         4d7       100%        7


Dungeon Overview and Level Annotations

Branches:
Dungeon (5/15)
 Temple: D:4-7

Altars:
Cheibriados
Dithmenos
Elyvilon
Makhleb
Nemelex Xobeh
Okawaru
Qazlal
Wu Jian
Xom
Jiyva

Shops:
D:3 ![

Annotations:
D:2 1 runed translucent door, Crazy Yiuf
D:4 2 transporters


Message History

You shoot an arrow. The arrow hits the ice beast.
The ice beast is severely wounded.
You shoot an arrow.
The arrow hits the ice beast but does no damage.
The ice beast is severely wounded.
The ice beast hits you. The ice beast freezes you.
You shoot an arrow. The arrow hits the ice beast!
The ice beast is almost dead.
The ice beast hits you. The ice beast freezes you.
You are too injured to fight recklessly!
You are too injured to fight recklessly!
You are too injured to fight recklessly!
Fire: a) +0 shortbow
Press: ? - help, Q - select action, (/) - cycle Shift-Dir - straight line, f/p - ice beast
Aim: an ice beast (almost dead, 66% to hit)
You shoot an arrow.
The arrow hits the ice beast but does no damage.
The ice beast is almost dead.
The ice beast hits you. The ice beast freezes you.
* * * LOW HITPOINT WARNING * * *
Fire: a) +0 shortbow
Press: ? - help, Q - select action, (/) - cycle Shift-Dir - straight line, f/p - ice beast
Aim: an ice beast (almost dead, 66% to hit)
You shoot an arrow. The arrow barely misses the ice beast.
You hear a distant slurping noise.
The ice beast barely misses you.
Fire: a) +0 shortbow
Press: ? - help, Q - select action, (/) - cycle Shift-Dir - straight line, f/p - ice beast
Aim: an ice beast (almost dead, 66% to hit)
You shoot an arrow. The arrow barely misses the ice beast.
The ice beast hits you. The ice beast freezes you!
* * * LOW HITPOINT WARNING * * *
Fire: a) +0 shortbow
Press: ? - help, Q - select action, (/) - cycle Shift-Dir - straight line, f/p - ice beast
Aim: an ice beast (almost dead, 66% to hit)
You shoot an arrow. The arrow barely misses the ice beast.
The ice beast hits you.
* * * LOW HITPOINT WARNING * * *
The ice beast freezes you!
You die...

#### .....
.....#
......#
.......##
........##
.......@<#
......Y..#
..........#
..........#
.........##
.........#
........##
........#


You could see an ice beast.

Vanquished Creatures
  An ogre (D:4)
  4 adders
  4 gnolls (D:3)
  2 worms
  A dart slug (D:4)
  3 orcs
  2 endoplasms
  5 giant cockroaches
  9 hobgoblins
  5 quokkas
  3 ball pythons
  7 bats
  3 frilled lizards
  5 goblins
  2 kobolds
  4 rats
60 creatures vanquished.

Vanquished Creatures (others)
  A worm (D:3)
  A dart slug (D:5)
  4 orcs
  An endoplasm (D:4)
  A goblin (D:4)
  A hobgoblin (D:4)
  A ball python (D:3)
  2 rats (D:3)
12 creatures vanquished.

Grand Total: 72 creatures vanquished

Notes
Turn   | Place    | Note
-------+----------+-------------------------------------------
     0 | D:1      | BinkBink the Deep Elf Hunter began the quest for the Orb.
     0 | D:1      | Reached XP level 1. HP: 12/12 MP: 3/3
   191 | D:1      | Reached XP level 2. HP: 16/16 MP: 4/4
   273 | D:1      | Reached skill level 6 in Ranged Weapons
   995 | D:2      | Reached XP level 3. HP: 20/20 MP: 5/5
  1007 | D:2      | Found a shimmering altar of Xom.
  1195 | D:2      | Reached skill level 7 in Ranged Weapons
  1195 | D:2      | Reached skill level 1 in Evocations
  1577 | D:2      | Found a runed translucent door.
  1578 | D:2      | Noticed Crazy Yiuf
  1632 | D:3      | Found a faded altar of an unknown god.
  1637 | D:3      | Reached XP level 4. HP: 25/25 MP: 6/6
  1643 | D:3      | Prayed at the altar of an unknown god.
  1643 | D:3      | Became a worshipper of Jiyva Joequ the Shapeless
  1643 | D:3      | Reached * piety under Jiyva
  1695 | D:3      | Found Fuxt's Assorted Antiques.
  1983 | D:3      | Found an ornate altar of the Wu Jian Council.
  2091 | D:3      | Reached ** piety under Jiyva
  2134 | D:3      | Found Evaluahu's Distillery.
  2144 | D:3      | Bought a potion of heal wounds for 50 gold pieces
  2356 | D:3      | Found Kugheimo's Antique Armour Boutique.
  2982 | D:4      | Noticed an ogre
  3037 | D:4      | Reached XP level 5. HP: 29/29 MP: 7/7
  3082 | D:4      | Killed an ogre
  3083 | D:4      | Reached skill level 8 in Ranged Weapons
  3102 | D:4      | Noticed an ice beast
  3103 | D:4      | Found an iron altar of Okawaru.
  3103 | D:4      | Noticed a centaur
  3104 | D:4      | Found a transporter.
  3155 | D:4      | Found a shadowy altar of Dithmenos.
  3155 | D:4      | Reached *** piety under Jiyva
  3164 | D:4      | Found a sparkling altar of Nemelex Xobeh.
  3166 | D:4      | Found a burning altar of Makhleb.
  3166 | D:4      | Found a white marble altar of Elyvilon.
  3185 | D:4      | Found a snail-covered altar of Cheibriados.
  3232 | D:4      | Found a transporter.
  3354 | D:4      | Found a stormy altar of Qazlal.
  3479 | D:5      | Entered Level 5 of the Dungeon
  3480 | D:5      | Noticed an ice beast
  3492 | D:5      | HP: 1/29 [ice beast (8)]
  3493 | D:5      | Mangled by an ice beast

Illustrated notes

Levels and vault maps discovered:
D:1:      scummos_arrival_checkerplants, layout_loops_cross, serial_forest,
          infiniplex_forest_lined_ring, infiniplex_forest_straight_4,
          infiniplex_forest_end_2, infiniplex_forest_clump_small,
          infiniplex_forest_corner_1, infiniplex_forest_clump_C
D:2:      wad_pebble_path, layout_basic, basic_altar, uniq_crazy_yiuf_cottage
D:3:      layout_basic, mainiacjoe_overflow_surrounded_room,
          ebering_ecumenical_altar_petrified, serial_shops,
          nicolae_lakefront_shop, shop, nicolae_shop_hallway_plus,
          chequers_serial_rivers_small_3
D:4:      layout_basic, gammafunk_temple_overflow_arena,
          minmay_overflow_temple_star_hex, lemuel_doored_altar
D:5:      kennysheep_slugbush, layout_cave_pods, minmay_bent, uniq_pikel,
          uniq_duvessa

Skill      XL: |  1  2  3  4  5 |
---------------+----------------+-----
Ranged Weapons | 6 7 8 |  8.5
Evocations     | 1 2 |  2.8
Fighting       | |  1.5
Dodging        | |  2.4
Stealth        | |  1.2

Action                     |  1- 3 |  4- 6 || total
---------------------------+-------+-------++-------
   Fire: Shortbow          |   356 |    81 ||   437
    Use: Scroll            |     4 |     3 ||     7
 Armour: Skin              |     7 |    12 ||    19
  Dodge: Dodged            |    19 |    17 ||    36

Table legend: (Time is in decaauts)
 A = Elapsed time spent in this place.
 B = Non-inter-level travel time spent in this place.
 C = Inter-level travel time spent in this place.
 D = Time resting spent in this place.
 E = Time spent auto-exploring this place.
 F = Levels seen in this place.
 G = Mean time per level.
                   A        B        C        D        E       F      G
               +--------+--------+--------+--------+--------+-----+--------+
         Total |   3524 |   3415 |    109 |    147 |   2457 |   5 |  704.8 |
       Dungeon |   3524 |   3415 |    109 |    147 |   2457 |   5 |  704.8 |
               +--------+--------+--------+--------+--------+-----+--------+

Top non-repeatable levels by time:
     D:3: 1197 daAuts
     D:1: 1013 daAuts
     D:4: 665 daAuts
     D:2: 635 daAuts
     D:5: 13 daAuts
